 Dungeon Crawl Stone Soup version 0.23-a0-321-g6bcb69f (console) character file.

672 bli the Insei (level 7, 0/45 HPs)
             Began as an Octopode Transmuter on Oct 15, 2018.
             Was an Initiate of Dithmenos.
             Shot with an arrow by a centaur (8 damage)
             ... on level 5 of the Dungeon.
             The game lasted 00:18:18 (4612 turns).

bli the Insei (Octopode Transmuter)                 Turns: 4612, Time: 00:18:19

Health: 0/45       AC:  1    Str: 11    XL:     7   Next: 58%
Magic:  11/11      EV: 15    Int: 15    God:    Dithmenos [......]
Gold:   264        SH:  0    Dex: 17    Spells: 3/12 levels left

rFire    x . .     SeeInvis .     - Unarmed
rCold    + . .     Gourm    .   (no shield)
rNeg     . . .     Faith    +   (helmet restricted)
rPois    .         Spirit   .   y - amulet of faith
rElec    .         Reflect  .   f - ring of ice
rCorr    .         Harm     .   l - +4 ring of dexterity
MR       .....                  (no ring)
Stlth    +++.......             (no ring)
HPRegen  0.15/turn              (no ring)
MPRegen  0.12/turn              (no ring)
                                (no ring)
                                (no ring)

@: no status effects
A: almost no armour, stealthy swim, amphibious, 8 rings, constrict 8, camouflage
1, gelatinous body 1
a: Renounce Religion


You were on level 5 of the Dungeon.
You worshipped Dithmenos.
Dithmenos was noncommittal.
You were not hungry.

You visited 2 branches of the dungeon, and saw 6 of its levels.

You collected 264 gold pieces.

Inventory:

Hand Weapons
 k - a +2 dagger of venom
 m - a +0 glaive
 o - a +0 blowgun
 t - a +2 dagger of speed
 v - a +1 dagger of draining
 w - a +2 hunting sling of velocity
 D - the +6 whip of Past Mistakes {holy, rElec rC+, unknown}
   (You found it on level 5 of the Dungeon)

   It has been blessed by the Shining One to cause great damage to the undead
   and demons.
   It protects you from cold.
   It insulates you from electricity.
Missiles
 a - 27 arrows
 e - 166 stones (quivered)
 p - 9 poisoned needles
Jewellery
 f - a ring of ice (left tentacle)
 l - a +4 ring of dexterity (right tentacle)
 y - an amulet of faith (around mantle)
 z - an uncursed amulet of guardian spirit {unknown}
Wands
 u - a wand of paralysis (14)
Scrolls
 b - 4 scrolls of remove curse {unknown}
 d - 2 scrolls of teleportation {unknown}
 g - 3 scrolls of fear {unknown}
 h - 5 scrolls of identify {unknown}
 i - a scroll of blinking {unknown}
 r - a scroll of noise {unknown}
 s - a scroll of fog {unknown}
Potions
 j - 2 potions of lignification {unknown}
 n - a potion of might {unknown}
 q - 3 potions of curing {unknown}
 x - a potion of flight {unknown}
 A - a potion of haste {unknown}
 B - a potion of heal wounds {unknown}
Comestibles
 c - 15 rations
 C - 3 chunks of flesh


   Skills:
 + Level 2.5 Fighting
 + Level 3.4 Dodging
 + Level 0.4 Stealth
 + Level 6.4 Unarmed Combat
 + Level 3.0 Spellcasting
 + Level 3.1 Transmutations
 * Level 1.7 Poison Magic


You had 3 spell levels left.
You knew the following spells:

 Your Spells              Type           Power        Failure   Level  Hunger
a - Beastly Appendage     Tmut           ##....       5%          1    #......
b - Blade Hands           Tmut           ##........   83%         5    ######.
s - Spider Form           Tmut/Pois      #.........   22%         3    ###....

Your spell library contained the following spells:

 Spells                   Type           Power        Failure   Level  Hunger
 Sticks to Snakes         Tmut           ##......     9%          2    ##.....
 Ice Form                 Ice/Tmut       ##......     71%         4    #####..


Dungeon Overview and Level Annotations

Branches:
Dungeon (5/15)             Temple (1/1) D:4

Altars:
Ashenzari
Cheibriados
Dithmenos
Elyvilon
Hepliaklqana
Kikubaaqudgha
Makhleb
Okawaru
Sif Muna
Trog
Vehumet
Wu Jian
Yredelemnul
Zin


Innate Abilities, Weirdness & Mutations

You cannot wear most types of armour.
You are very stealthy in the water. (Stealth+)
You are amphibious.
You can wear up to eight rings at the same time.
You can use your tentacles to constrict eight enemies at once.
Your skin changes colour to match your surroundings (Stealth+).
Your rubbery body absorbs attacks. (AC +1, EV +1)


Message History

There is a dry fountain, spattered with blood here.
You see here a +0 club.
The centaur shoots an arrow.
The arrow hits you but does no damage.
The orc wizard casts a spell.
The orc wizard blinks!
You see here an arrow.
You tentacle-slap the orc. You grab the orc.
The orc is severely wounded.
You constrict the orc. The orc hits you but does no damage.
You bludgeon the orc!
You kill the orc!
Dithmenos accepts your kill.
The centaur shoots an arrow.
The arrow misses you.
The orc wizard mumbles some strange words.
The orc wizard blinks!
You tentacle-slap the orc.
You kill the orc!
Dithmenos accepts your kill.
The centaur shoots an arrow.
The arrow hits you!
You die...

#. ###. #... ...
#####.. #...#..###
#......(.# #.
####....##@(# . #.
#⌠...+#.c)#..#
.....#....§..).#....#
#..#.##.......#####.#
#..?..#......§#...# #
# #...+..._...'...'%#
#.#...........#...#c#
#.###.#...o...###.#
#....#.........# ..
#...⌠...+(#.⌠... ..
##.#..####...##.#.#...


You could see a centaur and an orc wizard.

Vanquished Creatures
  2 big kobolds (D:3)
  A howler monkey (D:4)
  A bullfrog skeleton (D:4)
  2 orc priests
  2 centaur skeletons (D:4)
  Ijyb (D:3)
  3 iguanas (D:4)
  3 worker ants
  3 gnolls (D:4)
  3 adders
  2 adder skeletons
  3 worms
  2 dart slugs
  2 leopard geckos
  9 orcs
  A ball python (D:1)
  7 bats
  A giant cockroach (D:1)
  8 goblins
  13 hobgoblins
  7 jackals
  19 kobolds
  4 quokkas
  6 frilled lizards
  2 rats (D:3)
107 creatures vanquished.

Notes
Turn   | Place    | Note
-------+----------+-------------------------------------------
     0 | D:1      | bli the Octopode Transmuter began the quest for the Orb.
     0 | D:1      | Reached XP level 1. HP: 13/13 MP: 3/3
   472 | D:1      | Reached XP level 2. HP: 17/18 MP: 3/5
   877 | D:1      | Reached XP level 3. HP: 14/23 MP: 6/6
  1135 | D:1      | Reached skill level 4 in Unarmed Combat
  1656 | D:2      | Learned a level 3 spell: Spider Form
  1727 | D:2      | Reached XP level 4. HP: 25/28 MP: 7/7
  2287 | D:3      | Noticed Ijyb
  2559 | D:3      | Noticed a big kobold
  2587 | D:3      | Reached XP level 5. HP: 31/34 MP: 6/8
  2619 | D:3      | Killed a big kobold
  2619 | D:3      | Reached skill level 5 in Unarmed Combat
  2668 | D:3      | Noticed a big kobold
  2676 | D:3      | Killed a big kobold
  2676 | D:3      | Reached skill level 1 in Poison Magic
  2676 | D:3      | Reached XP level 6. HP: 26/39 MP: 7/9
  2685 | D:3      | Learned a level 5 spell: Blade Hands
  2688 | D:3      | Paralysed by Ijyb for 5 turns
  2701 | D:3      | Killed Ijyb
  3410 | D:4      | Reached skill level 6 in Unarmed Combat
  3410 | D:4      | Reached XP level 7. HP: 18/45 MP: 8/11
  3719 | D:4      | Found a staircase to the Ecumenical Temple.
  4303 | D:5      | Entered Level 5 of the Dungeon
  4450 | Temple   | Entered the Ecumenical Temple
  4510 | Temple   | Became a worshipper of Dithmenos the Shadowed
  4573 | D:5      | Found a shattered altar of Ashenzari.
  4581 | D:5      | Got a dazzling whip
  4612 | D:5      | Shot with an arrow by a centaur

Vault maps used:
D:1:      minmay_arrival_open_corners
D:2:      first_ration, minmay_tripent
D:3:      cheibrodos_thug_alley, uniq_ijyb
D:4:      cheibrodos_old_hovel, minmay_temple_entry_statues_pillars
D:5:      evilmike_ruin_ashenzari, kennysheep_mini, minivault_23
Temple:   dshaligram_water_room_temple

Skill      XL: |  1  2  3  4  5  6  7 |
---------------+----------------------+-----
Unarmed Combat | 4 5 6 |  6.4
Fighting       | 2 |  2.5
Dodging        | 3 |  3.4
Poison Magic   | 1 |  1.7
Spellcasting   | 3 |  3.0
Transmutations | 3 |  3.1
Stealth        | |  0.4

Action                   |  1- 3 |  4- 6 |  7- 9 || total
-------------------------+-------+-------+-------++-------
Melee: Unarmed           |    73 |   131 |    46 ||   250
       Constrict         |    22 |    42 |    14 ||    78
       Tentacles         |    10 |    32 |    15 ||    57
       Kick              |     8 |    30 |    10 ||    48
       Punch             |       |     6 |     5 ||    11
Throw: Stone             |       |    26 |    19 ||    45
 Cast: Beastly Appendage |    14 |    19 |     9 ||    42
 Stab: Sleeping          |     5 |     3 |     2 ||    10
       Distracted        |       |     3 |       ||     3
  Eat: Chunk             |     2 |     6 |     4 ||    12
Armor: Skin              |    11 |    12 |     2 ||    25
Dodge: Dodged            |    28 |    73 |    28 ||   129

Table legend:
 A = Non-vault XP
 B = Vault XP
 C = Vault XP percentage of total XP
 D = Non-vault monster count
 E = Vault monster count
 F = Vault count percentage of total count
                 A         B        C        D         E       F
            +---------+---------+-------+---------+---------+-------
      Total |     671 |     289 |  30.1 |      90 |      17 |  15.9
            +---------+---------+-------+---------+---------+-------
        D:1 |      46 |       0 |   0.0 |      25 |       0 |   0.0
        D:2 |      38 |       7 |  15.6 |      14 |       2 |  12.5
        D:3 |      80 |     245 |  75.4 |      20 |      14 |  41.2
        D:4 |     378 |      37 |   8.9 |      22 |       1 |   4.3
        D:5 |     129 |       0 |   0.0 |       9 |       0 |   0.0
            +---------+---------+-------+---------+---------+-------
